 Dungeon Crawl Stone Soup version 0.27-a0-394-g49c82dfaf2 (webtiles) character file.

Game seed: 3780290213121221653

201933 dolemite99 the Warrior (level 17, -3/163 HPs)
             Began as a Demonspawn Fighter on Feb 20, 2021.
             Was a Priest of Lugonu.
             Killed from afar by a green draconian knight (27 damage)
             ... with a shard of ice
             ... on level 1 of the Vaults.
             The game lasted 01:18:54 (49444 turns).

dolemite99 the Warrior (Demonspawn Fighter)        Turns: 49444, Time: 01:18:55

Health: -3/163     AC: 29    Str: 20    XL:     17   Next: 93%
Magic:  15/23      EV: 16    Int: 15    God:    Lugonu [***...]
Gold:   49         SH: 25    Dex: 13    Spells: 8/16 levels left

rFire    + . .     SeeInvis +   b - +6 hand crossbow of Disorder {vorpal, Will+ Int+3 Dex-2}
rCold    + . .     Faith    .   X - +6 kite shield of the Kettle-Drum {+Fly rPois rN++ Str-2}
rNeg     + + .     Spirit   .   B - quicksilver dragon scales
rPois    +         Reflect  +   p - +0 helmet {Int+3}
rElec    +         Harm     .   s - +2 cloak
rCorr    +         Rampage  .   Q - +2 pair of gloves {archery}
Will     +++..                  (boots unavailable)
Stlth    +.........             i - amulet of reflection
HPRegen  0.37/turn              R - ring of see invisible
MPRegen  0.18/turn              A - +4 ring of protection {=R}

@: about to teleport, resistant, hasted, very quick
A: talons 3, yellow scales 2, powered by pain 1, robust 1, demonic magic 2
}: 1/15 runes: serpentine
a: Renounce Religion, Evoke Flight, Depart the Abyss, Bend Space, Banish


You were on level 1 of the Vaults.
You worshipped Lugonu.
Lugonu was most pleased with you.
You visited 6 branches of the dungeon, and saw 31 of its levels.

You collected 3027 gold pieces.
You spent 2978 gold pieces at shops.

Inventory:

Hand Weapons
 a - a +2 rapier of electrocution
 b - the +6 hand crossbow of Disorder (weapon) {vorpal, Will+ Int+3 Dex-2}
   (You found it on level 6 of the Lair of Beasts)

   Any bolt fired from it inflicts extra damage.
   It affects your intelligence (+3).
   It affects your dexterity (-2).
   It affects your willpower, your defense against some magical effects.
 T - a +3 rapier
Missiles
 o - 59 bolts (quivered ammo)
 y - 9 silver javelins
Armour
 d - a +0 plate armour of positive energy
 p - a +0 helmet of intelligence (worn)
 s - a +2 cloak (worn)
 w - +3 fire dragon scales
 B - quicksilver dragon scales (worn)
 E - a +1 cloak
 Q - a +2 pair of gloves of archery (worn)
 X - the +6 kite shield of the Kettle-Drum (worn) {+Fly rPois rN++ Str-2}
   (You acquired it on level 4 of the Snake Pit)

   It affects your strength (-2).
   It protects you from poison.
   It greatly protects you from negative energy.
   It lets you fly.
Magical Staves
 e - a staff of cold
Jewellery
 i - an amulet of reflection (around neck)
 j - the ring "Axtob" {AC+4 Str+4 Stlth+}
   (You took it off an orc wizard on level 13 of the Dungeon)

   [ring of protection]

   It affects your AC (+4).
   It affects your strength (+4).
   It makes you more stealthy.
 m - a ring of willpower
 n - a ring of ice
 x - a +6 ring of intelligence
 A - a +4 ring of protection (right hand) {=R}
 G - a ring of protection from fire
 I - a +4 ring of evasion
 O - the ring "Iri Doak" {+Inv rN+ Int-4 Dex+5 SInv}
   (You took it off a kobold on level 7 of the Dungeon)

   [ring of see invisible]

   It affects your intelligence (-4).
   It affects your dexterity (+5).
   It protects you from negative energy.
   It lets you see invisible.
   It lets you turn invisible.
 R - a ring of see invisible (left hand)
 S - a ring of ice
 W - an amulet of regeneration
Wands
 P - a wand of random effects (25)
 U - a wand of polymorph (28)
 V - a wand of digging (3)
Scrolls
 c - a scroll of enchant armour
 h - 4 scrolls of fog
 k - 4 scrolls of magic mapping
 l - 5 scrolls of identify {@r1}
 q - 11 scrolls of teleportation
 D - 4 scrolls of amnesia
Potions
 g - 3 potions of attraction
 r - 10 potions of curing
 t - a potion of cancellation
 u - 4 potions of lignification
 v - a potion of invisibility
 J - 3 potions of berserk rage
 K - 3 potions of flight
 L - a potion of haste
 N - 6 potions of brilliance
 Z - 4 potions of ambrosia
Miscellaneous
 z - a box of beasts (inert)
 C - a phial of floods (inert)
 H - a tin of tremorstones (inert)


   Skills:
 - Level 17.6 Fighting
 - Level 13.1 Short Blades
 + Level 9.7 Crossbows
 - Level 5.0 Throwing
 - Level 11.1 Armour
 - Level 10.9 Dodging
 - Level 14.6 Shields
 - Level 8.5 Invocations
 - Level 6.4 Evocations


You had 8 spell levels left.
You knew the following spells:

 Your Spells              Type           Power        Failure   Level
a - Animate Skeleton      Necr           0%           38%         1
b - Apportation           Tloc           0%           38%         1
c - Blink                 Tloc           N/A          54%         2
d - Call Imp              Summ           0%           54%         2
e - Swiftness             Air            0%           54%         2

Your spell library contained the following spells:

 Spells                   Type           Power        Failure   Level
 Corona                   Hex            0%           38%         1
 Freeze                   Ice            0%           38%         1
 Magic Dart               Conj           0%           38%         1
 Pain                     Necr           0%           38%         1
 Shock                    Conj/Air       0%           38%         1
 Sting                    Tmut/Pois      0%           38%         1
 Summon Small Mammal      Summ           0%           38%         1
 Corpse Rot               Necr/Air       N/A          54%         2
 Slow                     Hex            0%           54%         2
 Sublimation of Blood     Necr           0%           54%         2
 Call Canine Familiar     Summ           0%           77%         3
 Confusing Touch          Hex            0%           77%         3
 Conjure Flame            Conj/Fire      0%           77%         3
 Frozen Ramparts          Ice            0%           77%         3
 Gell's Gravitas          Tloc           0%           77%         3
 Ignite Poison            Fire/Tmut/Pois 0%           77%         3
 Inner Flame              Hex/Fire       0%           77%         3
 Mephitic Cloud           Conj/Pois/Air  0%           77%         3
 Ozocubu's Armour         Ice            0%           77%         3
 Portal Projectile        Hex/Tloc       0%           77%         3
 Spider Form              Tmut/Pois      0%           77%         3
 Static Discharge         Conj/Air       0%           77%         3
 Stone Arrow              Conj/Erth      0%           77%         3
 Summon Guardian Golem    Hex/Summ       0%           77%         3
 Vampiric Draining        Necr           0%           77%         3
 Airstrike                Air            0%           99%         4
 Animate Dead             Necr           0%           99%         4
 Cause Fear               Hex            0%           99%         4
 Dispel Undead            Necr           0%           99%         4
 Hailstorm                Conj/Ice       0%           99%         4
 Ice Form                 Ice/Tmut       0%           99%         4
 Leda's Liquefaction      Hex/Erth       0%           99%         4
 Petrify                  Tmut/Erth      0%           99%         4
 Summon Ice Beast         Ice/Summ       0%           99%         4
 Summon Lightning Spire   Summ/Air       0%           99%         4
 Agony                    Necr           0%           100%        5
 Excruciating Wounds      Necr           0%           100%        5
 Fireball                 Conj/Fire      0%           100%        5
 Lightning Bolt           Conj/Air       0%           100%        5
 Metabolic Englaciation   Hex/Ice        0%           100%        5
 Summon Forest            Summ/Tloc      0%           100%        5
 Yara's Violent Unravell  Hex/Tmut       0%           100%        5
 Eringya's Noxious Bog    Tmut/Pois      0%           100%        6
 Hydra Form               Tmut           0%           100%        6
 Shadow Creatures         Summ           N/A          100%        6
 Starburst                Conj/Fire      0%           100%        6
 Summon Hydra             Summ           0%           100%        7
 Ignition                 Fire           0%           100%        8


Dungeon Overview and Level Annotations

Branches:
Dungeon (15/15)            Temple (0/1) D:7            Lair (6/6) D:8
 Shoals (3/4) Lair:3        Snake (4/4) Lair:4        Slime (0/5) Lair:5
    Orc (2/2) D:9             Elf (0/3) Orc:2        Vaults (1/5) D:14
 Depths (0/5) D:15

Altars:
Ashenzari
Cheibriados
Dithmenos
Elyvilon
Kikubaaqudgha
Makhleb
Nemelex Xobeh
Ru
Sif Muna
Trog
Vehumet
Xom
Yredelemnul
Zin
Beogh
Lugonu

Shops:
D:4 =   D:8 [   D:15 !   Orc:2 !![[   Snake:2 *([*(   Snake:3 ?

Annotations:
D:3 2 transporters, cgasp's ghost, amateur SpEn
D:6 5 exclusions
D:7 1 runed translucent door, zarzak's ghost, novice HOFi
D:9 3 runed translucent doors, dickylongcocking's ghost, journeyman SpVM
D:10 2 runed translucent doors, mg7810's ghost, journeyman DrMo
D:14 corrupted
D:15 corrupted
Lair:3 exclusion: oklob plant
Lair:4 corrupted
Lair:5 exclusion: 3 oklob plants
Lair:6 corrupted
Shoals:2 corrupted
Shoals:3 corrupted
Snake:1 corrupted
Snake:4 corrupted
Orc:2 corrupted
Vaults:1 corrupted
Abyss:1 Snorg


Innate Abilities, Weirdness & Mutations

You have claws for feet.
You are mostly covered in yellow scales. (AC +3)
You sometimes gain a little power by taking damage.
You are robust. (+10% HP)
Spells you cast may paralyse nearby enemies.


Message History

Aim: a tengu reaver, wielding a +3 vorpal war axe, wearing a +0 scale mail and wearing a +0 buckler (freezing vapour, lightly wounded, chance to affect: 56%)
The tengu reaver resists with significant effort.
The tengu reaver is engulfed in freezing vapours.
The lightning spire shoots out a bolt of lightning at you!
The bolt of electricity hits you but does no damage.
You resist.
The green draconian knight hits you from afar with a +0 glaive!!
* * * LOW HITPOINT WARNING * * *
You focus on the pain.
You feel your power returning.
Press: ? - help, Shift-Dir - straight line, f/p - tengu reaver
Aim: a tengu reaver, wielding a +3 vorpal war axe, wearing a +0 scale mail and wearing a +0 buckler (lightly wounded, chance to affect: 56%)
The tengu reaver resists with significant effort.
You block the tengu reaver's attack. x3
Press: ? - help, Shift-Dir - straight line, f/p - tengu reaver
Aim: a tengu reaver, wielding a +3 vorpal war axe, wearing a +0 scale mail and wearing a +0 buckler (lightly wounded, chance to affect: 56%)
You fail to use your ability.
The green draconian knight hits you but does no damage.
Space bends around you!
You blink.
A yaktaur comes into view.
The yaktaur shouts!
The vault warden hits you but does no damage.
A yaktaur comes into view.
The yaktaur wields a +0 arbalest.
The yaktaur shoots a bolt.
You reflect the bolt off an invisible shield around you!
The bolt hits the vault warden.
The yaktaur shouts!
As you read the scroll of teleportation, it crumbles to dust.
You feel strangely unstable. You block the tengu reaver's attack.
The tengu reaver misses you. The tengu reaver closely misses you.
The green draconian knight hits you but does no damage.
You block the green draconian knight's attack.
You feel better. You block the vault guard's attack.
The vault warden hits you with a +0 war axe.
* * * LOW HITPOINT WARNING * * *
The yaktaur shoots a bolt.
You reflect the bolt off an invisible shield around you!
The bolt hits the yaktaur!!
The green draconian knight points at you and mumbles some strange words.
The shard of ice hits you!! You partially resist.
You die...

,,,,,,,*#..........##....#
,,,,,,,*#...####...##....#
,,,.,,,*.....,,...,,#....#
,,,...,*..###.,***,,#....#
,,,....##############....#
,,,..................(...#
,,,.........8...(........#
,,,.########.[.q).)......#
,,,,*,,,,,,#).pQ@........#
,,,,*,,,,,,#.(p)(........#
,,,,*,,,,,,#....(........#
,,,,*,,,,,,#.(..(........#
,,,,*,,,,,,#..(..(.......#
,,,,*,,,,,,#.............#
,,,,*,,,,,,#c............#
,,,,*,,,,..c.............#
,,,,*****'##....(........#


You could see a green draconian knight (icy armour, invisible), a vault warden,
a tengu reaver, a vault guard, 2 yaktaurs and a lightning spire (summoned).

Vanquished Creatures
  An ancient champion (Vaults:1)
  Agnes (Vaults:1)
  10 nagarajas
  An ironheart preserver (Vaults:1)
  Azrael (D:13)
  2 fire dragons (Lair:6)
  A merfolk javelineer (Shoals:2)
  3 merfolk impalers
  Josephine (D:9)
  10 naga warriors
  3 boulder beetles
  6 hydras
  An alligator snapping turtle (Shoals:3)
  2 rakshasas
  A catoblepas (Shoals:3)
  A merfolk aquamancer (Shoals:2)
  4 merfolk avatars
  A satyr (Shoals:1)
  A centaur warrior (Vaults:1)
  13 anacondas
  6 two-headed ogres
  9 death yaks
  3 tengu warriors (D:14)
  3 shock serpents
  8 naga sharpshooters
  A deep elf knight (D:14)
  5 sea snakes
  2 salamander mystics
  A swamp dragon (Lair:6)
  An unseen horror (D:14)
  4 deep trolls (Vaults:1)
  8 naga ritualists
  8 harpies
  A deep elf zephyrmancer (D:14)
  6 ugly things
  5 deep elf pyromancers
  An ironbrand convoker (Vaults:1)
  2 mana vipers
  5 fauns (Shoals:1)
  3 orc knights
  5 manticores
  4 cyclopes
  19 black mambas
  A salamander (shapeshifter) (D:15)
  A black mamba (shapeshifter) (D:15)
  9 merfolk sirens
  5 salamanders
  15 guardian serpents
  3 elephants (Lair:6)
  A water nymph (Shoals:3)
  A vault sentinel (Vaults:1)
  6 centaur skeletons
  13 naga magi
  3 gargoyles
  5 torpor snails (Lair:6)
  8 kobold demonologists
  3 rime drakes
  11 komodo dragons
  13 cane toads
  A freezing wraith (Vaults:1)
  2 yaktaurs
  2 efreet
  A tengu conjurer (D:12)
  3 harpy zombies (Shoals:3)
  3 polar bears (Lair:5)
  21 merfolk
  A queen bee (Lair:3)
  6 hornets (Lair:6)
  2 blink frogs (Lair:6)
  A wolf spider simulacrum (D:15)
  11 slime creatures
  6 trolls
  5 wind drakes
  2 tyrant leeches (Lair:6)
  3 snapping turtles
  2 dream sheep (Shoals:1)
  6 wraiths
  Sigmund (D:4)
  5 water elementals
  A tarantella (shapeshifter) (D:14)
  3 basilisks
  5 fire elementals
  3 wyverns
  A shadow (D:14)
  55 yaks
  6 steam dragons
  11 vampire mosquitoes
  17 wolves
  A yaktaur simulacrum (Vaults:1)
  31 nagas
  A warg (D:9)
  3 acid dragons
  A swamp worm (Snake:4)
  3 hell hounds
  17 water moccasins
  A soldier ant (D:15)
  5 sky beasts
  A swamp drake (Lair:6)
  12 orc warriors
  2 hornet zombies (D:12)
  A necrophage (D:11)
  7 ice beasts
  A manticore zombie (Shoals:3)
  14 ogres
  An eye of draining (D:11)
  2 boggarts (Vaults:1)
  16 centaurs
  5 kobold brigands
  22 bullfrogs
  4 scorpions
  17 killer bees
  13 wights
  6 electric eels (D:14)
  7 howler monkeys
  3 bullfrog zombies
  A quasit (D:12)
  7 centaur zombies
  10 orc priests
  6 hounds
  4 jellies
  12 iguanas
  2 bullfrog skeletons
  16 orc wizards
  2 hell rats (Lair:6)
  14 worker ants
  A howler monkey zombie (D:7)
  2 hound skeletons
  A worker ant zombie (D:11)
  9 adders
  2 shadow imps
  3 white imps
  An ufetubus (D:5)
  An ooze (D:4)
  An adder skeleton (D:5)
  An adder zombie (D:7)
  A worm (D:4)
  9 leopard geckos
  65 orcs
  4 ball pythons
  3 bat zombies (Shoals:3)
  7 giant cockroaches
  5 goblins
  3 hobgoblins
  2 jackals (D:1)
  6 quokkas
  9 bats
  7 frilled lizards
  32 kobolds
  A quokka skeleton (D:9)
  5 rats
910 creatures vanquished.

Vanquished Creatures (collateral kills)
  Jorgrun (Shoals:1)
  A sea snake (Shoals:1)
  2 manticores
  2 salamanders (Snake:3)
  A water nymph (Shoals:1)
  A hornet (Lair:6)
  A dream sheep (Shoals:1)
  A water elemental (Shoals:1)
  A yak (Lair:2)
11 creatures vanquished.

Vanquished Creatures (others)
  Nikola (Shoals:2)
  Kirke (Lair:6)
  2 nagarajas (Snake:4)
  A vault warden (Vaults:1)
  Aizul (Snake:1)
  A stone giant (Orc:2)
  A vault guard (Vaults:1)
  A hydra (Lair:4)
  2 boulder beetles (D:15)
  A catoblepas (Shoals:3)
  2 ogre magi (Orc:2)
  A satyr (Shoals:3)
  8 two-headed ogres
  3 naga sharpshooters (Snake:4)
  A fire crab (shapeshifter) (D:15)
  A skeletal warrior (D:14)
  3 deep trolls
  A glowing orange brain (D:15)
  A sea snake (Shoals:3)
  An orc knight (Vaults:1)
  An ironbrand convoker (Vaults:1)
  A lindwurm (Lair:4)
  2 manticores
  3 cyclopes
  2 ugly things (D:15)
  4 fauns (Shoals:3)
  2 salamanders (Snake:4)
  13 elephants
  4 black mambas
  5 naga magi (Snake:4)
  A cane toad (shapeshifter) (D:15)
  3 guardian serpents (Snake:4)
  6 cane toads
  A vault sentinel (Vaults:1)
  A centaur skeleton (D:14)
  3 komodo dragons
  6 trolls (Orc:2)
  7 merfolk
  A wind drake (Shoals:2)
  3 slime creatures (D:15)
  6 blink frogs
  8 yaks
  A basilisk (Lair:6)
  3 hogs (Lair:6)
  8 nagas (Snake:4)
  A water moccasin (Lair:6)
  A manticore zombie (Shoals:3)
  A black bear (shapeshifter) (D:15)
  10 ogres (Orc:2)
  2 wolves (Lair:1)
  A bullfrog (shapeshifter) (D:15)
  2 wyvern skeletons (D:14)
  2 killer bees (Lair:3)
  An orc priest (Orc:2)
  2 orc wizards
  3 hell rats (Lair:6)
  An orc (D:13)
  A kobold (D:14)
  2 bushes
  2 foxfires (D:14)
  59 fungi
  156 plants
  28 starspawn tentacles
404 creatures vanquished.

Grand Total: 1325 creatures vanquished

Notes
Turn   | Place    | Note
-------+----------+-------------------------------------------
     0 | D:1      | dolemite99 the Demonspawn Fighter began the quest for the
                  | Orb.
     0 | D:1      | Reached XP level 1. HP: 18/18 MP: 1/1
   357 | D:1      | Gained mutation: You have sharp toenails. [demonic
                  | ancestry]
   357 | D:1      | Reached XP level 2. HP: 24/24 MP: 2/2
  1491 | D:2      | Found an ancient bone altar of Kikubaaqudgha.
  1618 | D:2      | Found a radiant altar of Vehumet.
  1806 | D:2      | Gained mutation: Spells you cast may paralyse adjacent
                  | enemies. [demonic ancestry]
  1806 | D:2      | Reached XP level 3. HP: 29/29 MP: 3/3
  1864 | D:2      | Found a faded altar of an unknown god.
  1969 | D:2      | Became a worshipper of Lugonu the Unformed
  1969 | D:2      | Reached * piety under Lugonu
  1969 | D:2      | Reached ** piety under Lugonu
  2056 | D:3      | Reached XP level 4. HP: 9/35 MP: 4/4
  2490 | D:3      | Found a transporter.
  2490 | D:3      | Noticed cgasp's ghost (amateur SpEn)
  2685 | D:3      | Found a basalt altar of Yredelemnul.
  3206 | D:3      | Found a transporter.
  3207 | D:3      | Found a burning altar of Makhleb.
  3207 | D:3      | Noticed a blizzard demon
  3949 | D:4      | Reached XP level 5. HP: 35/41 MP: 5/5
  4103 | D:4      | Found a bloodstained altar of Trog.
  4134 | D:4      | Reached *** piety under Lugonu
  4135 | D:4      | Reached skill level 5 in Short Blades
  4185 | D:4      | Found Isanloel's Jewellery Shop.
  4965 | D:4      | Noticed Sigmund
  5005 | D:5      | Entered Level 5 of the Dungeon
  5020 | D:5      | Reached skill level 1 in Invocations
  5052 | D:5      | Noticed an ice beast
  5060 | D:5      | Gained mutation: You are partially covered in yellow
                  | scales. (AC +2) [demonic ancestry]
  5060 | D:5      | Reached XP level 6. HP: 47/47 MP: 6/6
  5064 | D:5      | Killed an ice beast
  5431 | D:4      | Reached skill level 5 in Invocations
  5620 | D:4      | Gained mutation: You sometimes gain a little power by
                  | taking damage. [demonic ancestry]
  5620 | D:4      | Reached XP level 7. HP: 37/52 MP: 11/11
  5897 | D:5      | You fall into a shaft and drop 2 floors!
  6321 | D:7      | Gained mutation: You have razor-sharp toenails. [demonic
                  | ancestry]
  6321 | D:7      | Reached XP level 8. HP: 57/58 MP: 14/14
  6327 | D:7      | Found a staircase to the Ecumenical Temple.
  6638 | D:7      | Found a runed translucent door.
  6638 | D:7      | Found a shimmering altar of Xom.
  6638 | D:7      | Noticed zarzak's ghost (novice HOFi)
  6638 | D:7      | Noticed a +1 spear of chaos
  8760 | D:7      | Reached XP level 9. HP: 56/63 MP: 15/15
  8834 | D:7      | Identified the ring "Iri Doak" {+Inv rN+ Int-4 Dex+5 SInv}
  8857 | D:7      | Found a sparkling altar of Nemelex Xobeh.
  9203 | D:7      | Found a shadowy altar of Dithmenos.
  9251 | D:7      | Reached skill level 1 in Evocations
  9420 | D:8      | Noticed a komodo dragon
  9434 | D:8      | Banished a komodo dragon
 10059 | D:8      | Found Cheibriados's Comfort Zone.
 10060 | D:8      | Found a snail-covered altar of Cheibriados.
 10376 | D:8      | Reached skill level 5 in Evocations
 10858 | D:8      | Found a shimmering altar of Xom.
 10863 | D:8      | Found a burning altar of Makhleb.
 10868 | D:8      | Found a white marble altar of Elyvilon.
 10963 | D:8      | Found a staircase to the Lair.
 10967 | D:8      | Got a steaming plate armour
 10978 | D:8      | Identified the +10 plate armour "Ahiasa" {-Tele rPois
                  | Regen+ SInv} (You found it on level 8 of the Dungeon)
 11397 | D:9      | Noticed dickylongcocking's ghost (journeyman SpVM)
 11431 | D:9      | Found a runed translucent gate.
 11431 | D:9      | Found a runed translucent gate.
 11431 | D:9      | Found a runed translucent gate.
 11619 | D:9      | Found a broken altar of Ashenzari.
 11854 | D:9      | Found a staircase to the Orcish Mines.
 11879 | D:9      | Reached XP level 10. HP: 70/70 MP: 16/16
 12217 | Lair:1   | Entered Level 1 of the Lair of Beasts
 12227 | Lair:1   | Noticed a cane toad
 12234 | Lair:1   | Banished a cane toad
 12337 | Lair:1   | Reached skill level 5 in Shields
 12421 | Lair:1   | Reached **** piety under Lugonu
 12660 | Lair:1   | Noticed a six-headed hydra
 12668 | Lair:1   | Banished a six-headed hydra
 13167 | Lair:1   | Reached XP level 11. HP: 70/75 MP: 13/17
 13519 | Lair:1   | Found a glowing silver altar of Zin.
 13586 | Lair:1   | Noticed a seven-headed hydra
 13589 | Lair:1   | Banished a seven-headed hydra
 13590 | Lair:1   | Reached skill level 10 in Shields
 13989 | D:4      | Bought the amulet "Wuasa" {Spirit Str+4 Dex+2} for 694 gold
                  | pieces
 14059 | D:4      | Killed Sigmund
 14184 | Lair:2   | Noticed a four-headed hydra
 14195 | Lair:2   | Banished a four-headed hydra
 14196 | Lair:2   | Reached skill level 4 in Fighting
 14379 | Lair:2   | Reached skill level 5 in Fighting
 14437 | Lair:2   | Reached skill level 6 in Fighting
 14609 | Lair:2   | Reached skill level 7 in Fighting
 14699 | Lair:2   | Reached skill level 1 in Throwing
 14751 | Lair:2   | Noticed a four-headed hydra
 14773 | Lair:2   | Killed a four-headed hydra
 14990 | Lair:2   | Noticed a death yak
 14990 | Lair:2   | Noticed a death yak
 15009 | Lair:2   | Noticed a death yak
 15032 | Lair:1   | Killed a death yak
 15157 | Lair:1   | Killed a death yak
 15158 | Lair:1   | Reached skill level 5 in Throwing
 15158 | Lair:1   | Gained mutation: Spells you cast may paralyse nearby
                  | enemies. [demonic ancestry]
 15158 | Lair:1   | Reached XP level 12. HP: 80/91 MP: 14/18
 15406 | Lair:2   | Reached skill level 5 in Armour
 15631 | Lair:2   | Killed a death yak
 15779 | Lair:3   | Noticed an eight-headed hydra
 15795 | Lair:3   | Killed an eight-headed hydra
 15901 | Lair:4   | Noticed a five-headed hydra
 16794 | Lair:3   | Noticed a death yak
 16794 | Lair:3   | Noticed a death yak
 16798 | Lair:3   | Noticed a death yak
 16818 | Lair:3   | Killed a death yak
 16825 | Lair:3   | Killed a death yak
 16832 | Lair:3   | Killed a death yak
 16914 | Lair:3   | Found a staircase to the Shoals.
 17287 | Lair:4   | Corrupted Lair:4
 17287 | Lair:4   | Noticed a hell hog
 17287 | Lair:4   | Noticed a starcursed mass
 17287 | Lair:4   | Noticed a tentacled starspawn
 17288 | Lair:4   | Noticed a hell hog
 17290 | Lair:4   | Noticed a death knight
 17291 | Lair:4   | Noticed an ironheart preserver
 17291 | Lair:4   | Killed a five-headed hydra
 17333 | Lair:4   | Noticed a rakshasa
 17391 | Lair:4   | Found a staircase to the Snake Pit.
 17398 | Lair:4   | Noticed a bone dragon
 17975 | Lair:5   | Reached skill level 10 in Short Blades
 18041 | Lair:5   | Noticed a four-headed hydra
 18162 | Lair:5   | Noticed an eight-headed hydra
 18400 | Lair:5   | Killed an eight-headed hydra
 18401 | Lair:5   | Gained mutation: You are mostly covered in yellow scales.
                  | (AC +3) [demonic ancestry]
 18401 | Lair:5   | Reached XP level 13. HP: 80/98 MP: 13/19
 18607 | Lair:5   | Reached skill level 8 in Fighting
 19882 | Lair:6   | Entered Level 6 of the Lair of Beasts
 20201 | Lair:5   | Found a staircase to the Slime Pits.
 20803 | Lair:6   | Noticed Kirke
 20803 | Lair:6   | Corrupted Lair:6
 20804 | Lair:6   | Noticed a tentacled starspawn
 20806 | Lair:6   | Noticed a starcursed mass
 20810 | Lair:6   | Killed Kirke
 20867 | Lair:6   | Noticed a starcursed mass
 21446 | Lair:6   | Paralysed by a hornet for 2 turns
 21468 | Lair:6   | Paralysed by a hornet for 2 turns
 21699 | Lair:6   | Found a runed translucent door.
 21700 | Lair:6   | Noticed a fire dragon
 21729 | Lair:6   | Paralysed by a hornet for 2 turns
 21893 | Lair:6   | Got an iridescent hand crossbow
 21896 | Lair:6   | Identified the +6 hand crossbow of Disorder {vorpal, Will+
                  | Int+3 Dex-2} (You found it on level 6 of the Lair of
                  | Beasts)
 22122 | Lair:6   | Reached skill level 1 in Crossbows
 22636 | Lair:6   | Noticed a fire dragon
 22654 | Lair:6   | Killed a fire dragon
 22665 | Lair:6   | Gained mutation: You have claws for feet. [demonic
                  | ancestry]
 22665 | Lair:6   | Reached XP level 14. HP: 93/106 MP: 15/20
 23367 | D:10     | Entered Level 10 of the Dungeon
 23485 | D:10     | Found a runed translucent door.
 23548 | D:10     | Found a runed translucent door.
 23555 | D:10     | Noticed a lich
 24185 | D:10     | Noticed mg7810's ghost (journeyman DrMo)
 24712 | D:11     | Reached skill level 5 in Crossbows
 25440 | D:12     | Reached ***** piety under Lugonu
 25441 | D:12     | Reached skill level 1 in Dodging
 25562 | D:12     | Found a shimmering blue altar of Sif Muna.
 26531 | D:12     | Noticed Snorg
 26544 | D:12     | Banished Snorg
 26545 | D:12     | Reached skill level 5 in Dodging
 27100 | Orc:1    | Entered Level 1 of the Orcish Mines
 27100 | Orc:1    | Noticed Josephine
 27110 | D:9      | Killed Josephine
 27535 | Orc:2    | Entered Level 2 of the Orcish Mines
 27623 | Orc:2    | Corrupted Orc:2
 27623 | Orc:2    | Noticed a cacodemon
 27623 | Orc:2    | Noticed a tentacled starspawn
 27627 | Orc:2    | Found a roughly hewn altar of Beogh.
 27658 | Orc:2    | Killed a stone giant
 27869 | Orc:2    | Found Girukle's Armour Shoppe.
 27924 | Orc:2    | Found Ysodgh's Distillery.
 27963 | Orc:2    | Found Urann's Antique Armour Emporium.
 27964 | Orc:2    | Found Usuroil's Distillery.
 28434 | Orc:2    | Found a staircase to the Elven Halls.
 28609 | Orc:2    | Bought a runed helmet for 172 gold pieces
 28727 | Orc:2    | Bought a glowing plate armour for 598 gold pieces
 29172 | D:13     | Noticed Azrael
 29204 | D:13     | Killed Azrael
 30016 | D:13     | Identified the ring "Axtob" {AC+4 Str+4 Stlth+}
 30105 | D:13     | Reached XP level 15. HP: 112/112 MP: 21/21
 30547 | D:14     | Found a broken altar of Ashenzari.
 31434 | D:14     | Reached skill level 10 in Dodging
 32056 | D:14     | Found a sacrificial altar of Ru.
 32716 | D:14     | Corrupted D:14
 32716 | D:14     | Noticed a tentacled starspawn
 32716 | D:14     | Noticed a tentacled starspawn
 32730 | D:14     | Noticed a tentacled starspawn
 33005 | D:14     | Found a gate to the Vaults.
 33246 | D:15     | Entered Level 15 of the Dungeon
 33265 | D:15     | Reached skill level 10 in Armour
 33267 | D:15     | Got a brightly glowing golden ring
 33269 | D:15     | Identified the ring "Loel See" {rPois rN+ MP+9 Int+5
                  | Slay-6} (You found it on level 15 of the Dungeon)
 33365 | D:15     | Found Wumohure's Distillery.
 33374 | D:15     | Bought a potion of invisibility for 128 gold pieces
 33374 | D:15     | Bought a potion of cancellation for 128 gold pieces
 33374 | D:15     | Bought a potion of might for 64 gold pieces
 33374 | D:15     | Bought a potion of heal wounds for 80 gold pieces
 33374 | D:15     | Bought a potion of curing for 48 gold pieces
 33374 | D:15     | Bought a potion of curing for 48 gold pieces
 33480 | D:15     | Found a basalt altar of Yredelemnul.
 34051 | D:15     | Corrupted D:15
 34053 | D:15     | Noticed a bone dragon
 34053 | D:15     | Noticed a tentacled starspawn
 34054 | D:15     | Noticed a bone dragon
 34349 | D:15     | Found a staircase to the Depths.
 34754 | Snake:1  | Entered Level 1 of the Snake Pit
 34981 | Snake:1  | Reached skill level 9 in Fighting
 35812 | Snake:1  | Reached skill level 10 in Fighting
 36649 | Snake:2  | Noticed a nagaraja
 36649 | Snake:2  | Noticed Aizul
 36655 | Snake:1  | Corrupted Snake:1
 36655 | Snake:1  | Noticed a hellephant
 36659 | Snake:1  | Killed Aizul
 36915 | Snake:2  | Killed a nagaraja
 36916 | Snake:2  | Reached skill level 11 in Fighting
 37168 | Snake:2  | Found Biadiy's General Store.
 37444 | Orc:2    | Bought a potion of might for 48 gold pieces
 37444 | Orc:2    | Bought a potion of heal wounds for 60 gold pieces
 37444 | Orc:2    | Bought a potion of heal wounds for 60 gold pieces
 37444 | Orc:2    | Bought a potion of haste for 120 gold pieces
 37452 | Orc:2    | Bought a potion of might for 60 gold pieces
 37452 | Orc:2    | Bought a potion of heal wounds for 75 gold pieces
 37452 | Orc:2    | Bought a potion of heal wounds for 75 gold pieces
 37660 | Shoals:1 | Entered Level 1 of the Shoals
 37719 | Shoals:1 | Gained mutation: You are robust. (+10% HP) [demonic
                  | ancestry]
 37719 | Shoals:1 | Reached XP level 16. HP: 114/138 MP: 22/22
 37959 | Shoals:1 | Reached skill level 12 in Fighting
 38364 | Shoals:1 | Identified a scroll of acquirement
 38364 | Shoals:1 | Acquired a manual of Shields
 38508 | Shoals:1 | Noticed Jorgrun
 38522 | Shoals:1 | Killed Jorgrun
 39620 | Shoals:2 | Identified the +3 pair of gloves of the Jolly Spirits
                  | {Str+2}
 39620 | Shoals:2 | Noticed Nikola
 39636 | Shoals:2 | Corrupted Shoals:2
 39636 | Shoals:2 | Noticed a hellephant
 39636 | Shoals:2 | Noticed a lich
 39636 | Shoals:2 | Noticed a tentacled starspawn
 39638 | Shoals:2 | Noticed a tentacled starspawn
 39639 | Shoals:2 | Killed Nikola
 40514 | Shoals:3 | Identified Kasoc's Guide on Moulding and the Entourage
 40573 | Shoals:3 | Corrupted Shoals:3
 40573 | Shoals:3 | Noticed a tentacled starspawn
 40573 | Shoals:3 | Noticed a tentacled starspawn
 40573 | Shoals:3 | Noticed a tentacled starspawn
 42038 | Snake:2  | Found Didouzosk's Assorted Antiques.
 42038 | Snake:2  | Found Xidivag's Antique Armour Shoppe.
 42061 | Snake:2  | Found Jalotal's Antique Weapon Shoppe.
 42063 | Snake:2  | Found Rugium's Weapon Emporium.
 42267 | Snake:2  | Learned a level 1 spell: Animate Skeleton
 42269 | Snake:2  | Learned a level 1 spell: Apportation
 42272 | Snake:2  | Learned a level 2 spell: Blink
 42275 | Snake:2  | Learned a level 2 spell: Call Imp
 42278 | Snake:2  | Learned a level 2 spell: Swiftness
 42939 | Snake:3  | Found a sacrificial altar of Ru.
 43445 | Snake:3  | Found Bywiguko's Magic Scroll Shop.
 43460 | Snake:3  | Got a spiked helmet
 43474 | Snake:3  | Identified the +0 helmet "Ytsepna" {Dex+3} (You found it on
                  | level 3 of the Snake Pit)
 43495 | Snake:3  | Bought a scroll of acquirement for 520 gold pieces
 43496 | Snake:3  | Acquired a manual of Fighting
 43539 | Snake:3  | Reached skill level 13 in Fighting
 44443 | Snake:4  | Entered Level 4 of the Snake Pit
 44444 | Snake:4  | Acquired the +6 kite shield of the Kettle-Drum {+Fly rPois
                  | rN++ Str-2}
 44661 | Snake:4  | Corrupted Snake:4
 44661 | Snake:4  | Noticed a tentacled starspawn
 44662 | Snake:4  | Noticed a dread lich
 44663 | Snake:4  | Noticed a Brimstone Fiend
 44668 | Snake:4  | Paralysed by a dread lich for 4 turns
 44920 | Snake:4  | Reached skill level 14 in Fighting
 44993 | Snake:4  | Reached XP level 17. HP: 122/154 MP: 23/23
 45726 | Snake:4  | Reached skill level 15 in Fighting
 46273 | Snake:4  | Reached skill level 16 in Fighting
 46557 | Snake:4  | Reached skill level 17 in Fighting
 47493 | Snake:4  | Got a serpentine rune of Zot
 48751 | Vaults:1 | Entered Level 1 of the Vaults
 49214 | Vaults:1 | Corrupted Vaults:1
 49214 | Vaults:1 | Noticed a lich
 49375 | Vaults:1 | Noticed Agnes
 49386 | Vaults:1 | Killed Agnes
 49444 | Vaults:1 | Killed from afar by a green draconian knight

Illustrated notes

Levels and vault maps discovered:
D:1:      amcnicky_arrival_underground_garden, layout_basic
D:2:      layout_loops_ring, general_overflow_altar,
          lemuel_coloured_pillars_altar, chequers_ecumenical_altar_simple_redux
D:3:      layout_basic, nicolae_overflow_crystal_walls, gammafunk_ghost_arena,
          serial_park_tiny_1, makhleb_altar_promises_db
D:4:      cheibrodos_quashed, layout_loops_ring, serial_shops, shop_statue,
          bloody_trog, uniq_sigmund
D:5:      layout_gridville
D:6:      layout_loops_ring
D:7:      layout_rooms, grunt_dithmenos_smoke,
          nemelex_xobeh_ov_fountains_minmay, minmay_temple_entry_antechambers,
          ebering_ghost_xom
D:8:      layout_basic, minmay_overflow_temple_star_quad,
          grunt_lair_entry_orc_guard_hut, enter_ossuary_2, minmay_shop_chei
D:9:      layout_basic, evilmike_ruin_ashenzari, david_orc_3,
          gammafunk_ghost_icy
D:10:     layout_gridville, muffindrake_ghost_dual_entry
D:11:     layout_basic
D:12:     layout_gridville, basic_altar, uniq_snorg
D:13:     layout_basic, uniq_azrael
D:14:     layout_rooms, hangedman_vaults_entry_quadrant_bands, kennysheep_boxes,
          basic_altar, kennysheep_cross_room, drop_trap, nicolae_ru_awakened_eye
D:15:     gammafunk_enter_depths_forms, layout_irregular_city, serial_shops,
          shop, yredelemnul_altar_generic
Lair:1:   beast_lair_carwin_large_3, layout_chaotic_city, amcnicky_altar_gilded,
          grunt_megastairs_3
Lair:2:   layout_chaotic_city
Lair:3:   layout_loops_ring, elwin_shoals_entry_stream, special_room
          [special_room_bee], minmay_lair_oklob_items
Lair:4:   layout_misc_corridors, dummy_snake_entry,
          chequers_serial_rivers_micro_a
Lair:5:   layout_layer_cave, dpeg_slime_entry_corner,
          infiniplex_staircase_pool_2, minmay_lair_oklob_chamber,
          grunt_megastairs_1
Lair:6:   guppyfry_lair_end_dragon, layout_layer_cave, wormcave, uniq_kirke
Shoals:1: layout_shoals, nicolae_shoals_wave_tunnel, uniq_jorgrun
Shoals:2: layout_shoals, nzn_prometheus_bound, uniq_nikola
Shoals:3: nzn_motion_control, layout_shoals, nicolae_shoals_undead_eyrie
Snake:1:  layout_layer_cave
Snake:2:  layout_rooms, serial_shops, shop, minmay_shoptagon,
          grunt_megastairs_4, lemuel_fruit_tree, uniq_aizul
Snake:3:  layout_chambers, basic_altar, serial_shops, nicolae_shop_statue_plus
Snake:4:  grunt_snake_rune_serpentine_throne, layout_cave_town
Orc:1:    layout_diamond_mine, serial_shops, shop, basic_altar,
          portal_ice_cave_entry_ice_beasts, uniq_josephine
Orc:2:    st_orc_open, layout_caves, basic_altar
Vaults:1: grunt_vaults_bifocal, vaults_dpeg_hooks, v_misc_4, sword_in_stone,
          ontoclasm_vaults_tryst, vaults_room_ringed_pool, vaults_dpeg_ring,
          layout_vaults_chaotic_city

Skill      XL: |  1  2  3  4  5  6  7  8  9 10 11 12 13 14 15 16 17 |
---------------+----------------------------------------------------+-----
Short Blades   | 2 3 4 5 6 9 10 13 | 13.1
Invocations    | 1 5 8 |  8.5
Evocations     | 6 |  6.4
Armour         | 4 9 11 | 11.1
Shields        | 8 10 14 | 14.6
Fighting       | 7 8 11 14 17 | 17.6
Throwing       | 5 |  5.0
Crossbows      | 2 6 9 |  9.7
Dodging        | 9 10 | 10.9

Action                   |  1- 3 |  4- 6 |  7- 9 | 10-12 | 13-15 | 16-18 || total
-------------------------+-------+-------+-------+-------+-------+-------++-------
Melee: Rapier            |    57 |    59 |   466 |   966 |  1212 |   571 ||  3331
       Short sword       |    44 |   158 |       |       |       |       ||   202
       Kick              |     6 |       |       |       |   273 |   215 ||   494
 Fire: Hand crossbow     |       |       |       |       |   879 |   623 ||  1502
Throw: Javelin           |     5 |    16 |    10 |     2 |       |    45 ||    78
       Stone             |     2 |       |       |       |    23 |       ||    25
       Dart              |       |       |    15 |    60 |    47 |       ||   122
       Throwing net      |       |       |       |     3 |       |       ||     3
Invok: Banish            |       |       |     9 |    11 |    15 |    11 ||    46
       Corrupt           |       |       |       |     1 |     5 |     4 ||    10
       Bend Space        |       |       |       |     1 |     4 |     8 ||    13
Evoke: Wand              |       |       |       |    27 |    29 |    15 ||    71
       Tin of tremorston |       |       |       |     2 |     8 |     8 ||    18
       Phial of floods   |       |       |       |       |     3 |     6 ||     9
       Box of beasts     |       |       |       |       |       |     6 ||     6
  Use: Potion            |     1 |     1 |       |     3 |     8 |    20 ||    33
       Scroll            |       |     4 |    14 |     7 |    10 |    16 ||    51
 Stab: Confused          |       |       |       |     3 |       |       ||     3
       Sleeping          |       |       |       |     1 |       |       ||     1
       Held in net/web   |       |       |       |     1 |       |       ||     1
       Invisible         |       |       |       |       |       |     3 ||     3
Armor: Scale mail        |    36 |       |       |       |       |       ||    36
       Plate armour      |    27 |   158 |   281 |   508 |   541 |   170 ||  1685
       Fire dragon scale |       |       |       |       |   310 |       ||   310
       Quicksilver drago |       |       |       |       |       |   156 ||   156
Dodge: Dodged            |    23 |    20 |    53 |   164 |   531 |   296 ||  1087
Block: Kite shield       |    52 |    96 |   185 |   593 |  1130 |   883 ||  2939
       Reflection        |       |       |       |     1 |    27 |   110 ||   138

Table legend: (Time is in decaauts)
 A = Elapsed time spent in this place.
 B = Non-inter-level travel time spent in this place.
 C = Inter-level travel time spent in this place.
 D = Time resting spent in this place.
 E = Time spent auto-exploring this place.
 F = Levels seen in this place.
 G = Mean time per level.
                   A        B        C        D        E       F      G
               +--------+--------+--------+--------+--------+-----+--------+
         Total |  49406 |  45918 |   3488 |  13476 |  20837 |  31 | 1593.7 |
       Dungeon |  22894 |  21090 |   1804 |   5914 |  10659 |  15 | 1526.3 |
          Lair |  10985 |  10104 |    881 |   2854 |   4084 |   6 | 1830.8 |
        Shoals |   4454 |   4281 |    173 |   1261 |   1683 |   3 | 1484.7 |
     Snake Pit |   8871 |   8421 |    450 |   2915 |   3648 |   4 | 2217.8 |
  Orcish Mines |   1530 |   1373 |    157 |    350 |    652 |   2 |  765.0 |
        Vaults |    670 |    648 |     22 |    181 |    110 |   1 |  670.0 |
               +--------+--------+--------+--------+--------+-----+--------+

Top non-repeatable levels by time:
 Snake:4: 3718 daAuts
  Lair:6: 3060 daAuts
    D:14: 2259 daAuts
    D:12: 2216 daAuts
 Snake:1: 2200 daAuts
 Snake:3: 2194 daAuts
     D:8: 2150 daAuts
  Lair:1: 1925 daAuts
     D:4: 1914 daAuts
  Lair:5: 1846 daAuts
     D:5: 1811 daAuts
  Lair:3: 1634 daAuts
    D:13: 1597 daAuts
Shoals:3: 1593 daAuts
     D:3: 1562 daAuts
